AoeStats
← 一兵不出真君

Arabia

505007781Analyzed
1v1 RM · 25d ago on Sep 7, 2026· 24m 52s· 2 players
Game mode
Random Map
Map size
Tiny (2 player)
Population
200
Speed
Normal
Resources
Standard
Victory
Conquest
Starting age
Dark Age
Ending age
Imperial Age
RankedLock teamsTeams togetherTeam positionsShared explorationLock speedFull tech treeHidden civsTurbo modeCheats
Victory
Defeat
🇦🇷 Italians · Argentina
1938
+15
🇨🇳 Tatars · China
1921
-15
一兵不出真君
8:31 Feudal Age
8:14 Loom
9:30 Double-Bit Axe
12:14 Horse Collar
15:59 Wheelbarrow
17:39 Gold Mining
20:12 Castle Age
22:53 Bow Saw
[CL] Al3jandr0.magn00
6:16 Loom
9:00 Feudal Age
9:39 Double-Bit Axe
19:54 Castle Age
19:16 Fletching
20:33 Bodkin Arrow
19:58 Crossbowman
23:20 Ballistics
23:24 Bow Saw
24:25 Wheelbarrow
Connection lost

Rejoining the realm…

Still unreachable

The connection could not be restored.

Session expired

The server has moved on; the page needs a fresh start.